 Dungeon Crawl Stone Soup version 0.25.1-2-g60ff931df9 (webtiles) character file.

Game seed: 11569467604371248899

12362 Delamore the Basher (level 11, -5/60 HPs)
             Began as a Gargoyle Fighter on Aug 10, 2020.
             Was an Elder of Okawaru.
             Slain by a komodo dragon (9 damage)
             ... on level 1 of the Lair of Beasts.
             The game lasted 00:11:25 (10596 turns).

Delamore the Basher (Gargoyle Fighter)             Turns: 10596, Time: 00:11:26

Health: -5/60      AC: 25    Str: 23    XL:     11   Next: 92%
Magic:  11/11      EV:  6    Int:  9    God:    Okawaru [****..]
Gold:   447        SH: 14    Dex:  9    Spells: 10/10 levels left

rFire    . . .     SeeInvis .   a - +0 flail
rCold    . . .     Gourm    .   c - +1 kite shield
rNeg     + . .     Faith    .   T - +0 plate armour
rPois    ∞         Spirit   .   l - +0 helmet
rElec    +         Reflect  .   x - scarf {+Inv}
rCorr    .         Harm     .   W - +0 pair of gloves (curse)
MR       +....                  (no boots)
Stlth    ..........             t - amulet of regeneration
HPRegen  0.60/turn              n - +4 ring of protection
MPRegen  0.12/turn              G - ring of protection from magic

@: no status effects
A: negative energy resistance 1, electricity resistance, unbreathing,
petrification resistance, rot immunity, AC +8
a: Heroism, Renounce Religion, Evoke Invisibility


You were on level 1 of the Lair of Beasts.
You worshipped Okawaru.
Okawaru was greatly pleased with you.
You were not hungry.

You visited 3 branches of the dungeon, and saw 13 of its levels.

You collected 691 gold pieces.
You spent 244 gold pieces at shops.

Inventory:

Hand Weapons
 a - a +0 flail (weapon)
Missiles
 e - 35 poisoned darts
 r - 6 javelins (quivered)
Armour
 b - a +0 scale mail
 c - a +1 kite shield (worn)
 l - a +0 helmet (worn)
 o - a +0 cloak
 w - a +0 pair of gloves
 x - a scarf of invisibility (worn)
 T - a +0 plate armour (worn)
 W - a cursed +0 pair of gloves (worn)
Jewellery
 i - an uncursed ring of resist corrosion
 k - an uncursed ring of ice
 n - a +4 ring of protection (left hand)
 t - an amulet of regeneration (around neck)
 D - an uncursed ring of ice
 G - a ring of protection from magic (right hand)
 J - an uncursed ring of protection from magic
Wands
 s - a wand of paralysis (9)
 H - a wand of iceblast (9)
 K - a wand of random effects (23)
 N - a wand of enslavement (8)
 U - a wand of flame (13)
Scrolls
 j - 7 scrolls of enchant armour
 m - 3 scrolls of immolation
 q - 3 scrolls of magic mapping
 y - a scroll of enchant weapon
 z - 5 scrolls of amnesia
 C - 11 scrolls of teleportation
 I - a scroll of fog
 O - 2 scrolls of remove curse
 R - 3 scrolls of blinking
Potions
 d - 2 potions of might
 g - 4 potions of heal wounds
 h - 4 potions of haste
 p - 7 potions of stabbing
 u - 5 potions of curing
 v - 2 potions of lignification
 A - a potion of degeneration
 B - 4 potions of mutation
 E - 2 potions of flight {unknown}
 F - a potion of berserk rage {unknown}
 M - a potion of cancellation
 Q - a potion of resistance {unknown}
 S - 2 potions of brilliance {unknown}
 V - 2 potions of magic {unknown}
Comestibles
 f - 23 rations
 P - 4 chunks of flesh


   Skills:
 - Level 3.2 Fighting
 - Level 14.0 Maces & Flails
 - Level 3.2 Armour
 + Level 13.1 Shields


You had 10 spell levels left.
You didn't know any spells.
Your spell library contained the following spells:

 Spells                   Type           Power        Failure   Level  Hunger
 Foxfire                  Conj/Fire      #...         100%        1    ##.....
 Magic Dart               Conj           #...         100%        1    ##.....
 Summon Butterflies       Summ           #.......     100%        1    ##.....
 Blink                    Tloc           N/A          100%        2    ###....
 Call Imp                 Summ           #.......     100%        2    ###....
 Slow                     Hex            #.......     100%        2    ###....
 Call Canine Familiar     Summ           #.......     100%        3    ####...
 Conjure Flame            Conj/Fire      #.......     100%        3    ####...
 Inner Flame              Hex/Fire       #.......     100%        3    ####...
 Mephitic Cloud           Conj/Pois/Air  #.......     100%        3    ####...
 Sticky Flame             Conj/Fire      #.......     100%        4    #####..
 Summon Ice Beast         Ice/Summ       #.......     100%        4    #####..
 Bolt of Magma            Conj/Fire/Erth #.........   100%        5    ######.
 Fireball                 Conj/Fire      #.........   100%        5    ######.
 Iskenderun's Battlesphe  Conj/Chrm      #.......     100%        5    ######.
 Summon Mana Viper        Hex/Summ       #.......     100%        5    ######.
 Iron Shot                Conj/Erth      #.........   100%        6    #######
 Orb of Destruction       Conj           #.........   100%        7    #######
 Spellforged Servitor     Conj/Summ      #.........   100%        7    #######
 Summon Hydra             Summ           #.........   100%        7    #######


Dungeon Overview and Level Annotations

Branches:
Dungeon (11/15)            Temple (1/1) D:6            Lair (1/6) D:11
    Orc (0/2) D:9

Altars:
Ashenzari
Cheibriados
Dithmenos
Elyvilon
Fedhas
Gozag
Hepliaklqana
Kikubaaqudgha
Makhleb
Nemelex Xobeh
Okawaru
Qazlal
Ru
Sif Muna
Trog
Uskayaw
Vehumet
Wu Jian
Xom
Yredelemnul
Zin
The Shining One

Shops:
D:5 !(*[*


Innate Abilities, Weirdness & Mutations

You are resistant to torment.
Your stone body is resilient. (AC +8)
You are immune to poison.
You resist negative energy. (rN+)
You are resistant to electric shocks. (rElec)
You can survive without breathing.
You are immune to petrification.
You are immune to rotting.


Message History

The komodo dragon is moderately wounded.
You block the komodo dragon's attack.
Your plate armour prevents you from hitting the komodo dragon.
The komodo dragon is moderately wounded.
The komodo dragon bites you but does no damage.
You hit the komodo dragon.
The komodo dragon is moderately wounded.
Your plate armour prevents you from hitting the komodo dragon.
The komodo dragon is moderately wounded.
The komodo dragon bites you!
* * * LOW HITPOINT WARNING * * *
You sock the komodo dragon!
The komodo dragon is heavily wounded.
You block the komodo dragon's attack.
You hit the komodo dragon.
The komodo dragon is severely wounded.
You closely miss the komodo dragon.
The komodo dragon is severely wounded.
The komodo dragon bites you!
You die...

........##.#.......#
........##..####.###
.......†##.## #.#
..#...##.#.## #.#
............# #..
............# #.#
............# .#
............###..
.......#.@......#
##...##l...###.#
#.........#
#...##...... ...
#....... ..
.........# .
..........#
^....#..#..


You could see a komodo dragon.

Vanquished Creatures
  Snorg (D:11)
  A hydra (Lair:1)
  Erica (D:8)
  A two-headed ogre (D:11)
  An ugly thing (D:11)
  2 black mambas (Lair:1)
  A komodo dragon (D:11)
  A troll (D:9)
  Prince Ribbit (D:6)
  4 blink frogs (Lair:1)
  4 hippogriffs
  2 wyverns
  2 wraiths
  A porcupine (Lair:1)
  3 water moccasins (Lair:1)
  3 orc warriors
  3 ice beasts
  3 black bears
  3 sky beasts
  7 ogres
  A phantom (D:11)
  6 centaurs
  A crocodile (D:10)
  A big kobold (D:8)
  8 bullfrogs
  2 gnoll sergeants (D:8)
  A scorpion (D:6)
  4 wights (D:9)
  A howler monkey (D:4)
  3 crimson imps
  A centaur zombie (D:11)
  4 orc priests
  A bullfrog skeleton (D:10)
  3 jellies
  5 hounds
  7 orc wizards
  4 centaur skeletons
  5 iguanas
  11 worker ants
  Robin (D:4)
  2 worker ant zombies
  9 gnolls (D:8)
  A howler monkey skeleton (D:9)
  11 adders
  A shadow imp (D:8)
  An ooze (D:1)
  2 adder skeletons
  4 worms
  7 leopard geckos
  34 orcs
  4 giant cockroaches
  15 hobgoblins
  14 jackals
  10 kobolds
  4 quokkas
  2 ball pythons
  9 bats
  4 frilled lizards
  15 goblins
  A leopard gecko skeleton (D:5)
  2 quokka zombies
  10 rats
277 creatures vanquished.

Vanquished Creatures (others)
  A goblin (D:4)
  A plant (D:11)
2 creatures vanquished.

Grand Total: 279 creatures vanquished

Notes
Turn   | Place    | Note
-------+----------+-------------------------------------------
     0 | D:1      | Delamore the Gargoyle Fighter began the quest for the Orb.
     0 | D:1      | Reached XP level 1. HP: 14/14 MP: 1/1
   107 | D:1      | Reached XP level 2. HP: 14/19 MP: 2/2
   465 | D:1      | Reached skill level 3 in Maces & Flails
  1142 | D:2      | Reached XP level 3. HP: 17/23 MP: 3/3
  1477 | D:2      | Reached skill level 4 in Maces & Flails
  1573 | D:2      | Reached XP level 4. HP: 28/28 MP: 4/4
  1996 | D:3      | Reached skill level 5 in Maces & Flails
  1997 | D:3      | Reached XP level 5. HP: 32/32 MP: 5/5
  2092 | D:3      | Found a radiant altar of Vehumet.
  2458 | D:3      | Reached skill level 6 in Maces & Flails
  2614 | D:3      | Reached XP level 6. HP: 32/37 MP: 6/6
  2810 | D:4      | Found a snail-covered altar of Cheibriados.
  3098 | D:4      | Reached skill level 7 in Maces & Flails
  3193 | D:4      | Reached XP level 7. HP: 31/41 MP: 7/7
  3531 | D:4      | Reached skill level 8 in Maces & Flails
  3632 | D:4      | Found a bloodstained altar of Trog.
  3655 | D:4      | Noticed Robin
  3668 | D:4      | Killed Robin
  3829 | D:5      | Entered Level 5 of the Dungeon
  3829 | D:5      | Found Liog's Distillery.
  3860 | D:5      | Bought a potion of heal wounds for 70 gold pieces
  3860 | D:5      | Bought a potion of degeneration for 14 gold pieces
  3860 | D:5      | Bought a potion of mutation for 112 gold pieces
  3880 | D:5      | Found Zuopn's Weapon Emporium.
  3907 | D:5      | Reached skill level 9 in Maces & Flails
  3907 | D:5      | Reached XP level 8. HP: 42/46 MP: 8/8
  3951 | D:5      | Found Sakheab's Armour Boutique.
  4066 | D:5      | Found Jyedd's Assorted Antiques.
  4102 | D:5      | Bought a white potion for 24 gold pieces
  4102 | D:5      | Bought a sedimented golden potion for 24 gold pieces
  4228 | D:5      | Reached skill level 10 in Maces & Flails
  4331 | D:5      | Found Idis's General Store.
  4487 | D:6      | Noticed a wraith
  4590 | D:6      | Killed a wraith
  4739 | D:6      | Reached skill level 11 in Maces & Flails
  4745 | D:6      | Reached XP level 9. HP: 40/51 MP: 9/9
  4901 | D:6      | Found a staircase to the Ecumenical Temple.
  5006 | Temple   | Entered the Ecumenical Temple
  5213 | D:6      | Found a shadowy altar of Dithmenos.
  5437 | D:6      | Noticed Prince Ribbit
  5467 | D:6      | Killed Prince Ribbit
  5467 | D:6      | Reached skill level 12 in Maces & Flails
  6177 | D:7      | Found a glowing golden altar of the Shining One.
  6317 | D:7      | Reached skill level 13 in Maces & Flails
  6640 | D:8      | Noticed Erica
  6688 | D:8      | Killed Erica
  6688 | D:8      | Reached XP level 10. HP: 18/56 MP: 10/10
  6936 | D:8      | Reached skill level 14 in Maces & Flails
  7378 | D:8      | Reached skill level 5 in Shields
  7792 | D:9      | Found a staircase to the Orcish Mines.
  7799 | D:9      | Found a shattered altar of Ashenzari.
  7799 | D:9      | Found an iron altar of Okawaru.
  7821 | D:9      | Became a worshipper of Warmaster Okawaru
  8422 | D:10     | Entered Level 10 of the Dungeon
  8560 | D:10     | Reached * piety under Okawaru
  8762 | D:10     | Reached XP level 11. HP: 54/60 MP: 11/11
  9385 | D:11     | Reached skill level 10 in Shields
  9456 | D:11     | Noticed a two-headed ogre
  9464 | D:11     | Killed a two-headed ogre
  9527 | D:11     | Reached ** piety under Okawaru
  9609 | D:11     | Noticed Snorg
  9657 | D:11     | Killed Snorg
  9843 | D:11     | Noticed a green ugly thing
  9874 | D:11     | Killed a green ugly thing
  9890 | D:11     | Reached *** piety under Okawaru
  9964 | D:11     | Found a staircase to the Lair.
 10094 | Lair:1   | Entered Level 1 of the Lair of Beasts
 10552 | Lair:1   | Reached **** piety under Okawaru
 10560 | Lair:1   | Noticed a five-headed hydra
 10576 | Lair:1   | HP: 2/60 [five-headed hydra (3)]
 10580 | Lair:1   | Killed a five-headed hydra
 10593 | Lair:1   | HP: 2/60 [komodo dragon (16)]
 10596 | Lair:1   | Slain by a komodo dragon

Illustrated notes

Levels and vault maps discovered:
D:1:      dpeg_arrival_long_road, layout_loops_ring
D:2:      kennysheep_six_static_rooms, layout_basic, minmay_heptomino_o4
D:3:      minmay_octagon_keep, layout_rooms, lemuel_crystal_altar
D:4:      layout_basic, cheibriados_altar_1, bloody_trog, uniq_robin,
          uniq_natasha
D:5:      layout_rooms, serial_shops, kennysheep_little_box,
          nicolae_shop_behind_doors, nicolae_shop_statue_plus, shop, shop,
          first_ration
D:6:      cheibrodos_fzero, layout_loops_corners, old_standard_altar,
          minmay_temple_entry_glassed_door, uniq_prince_ribbit1
D:7:      layout_gridville, tso_oasis_becter
D:8:      layout_gridville, uniq_erica
D:9:      layout_irregular_city, grunt_temple_overflow_open, orc_0_dummy
D:10:     layout_basic
D:11:     layout_loops_cross, david_lair_shrubbed, uniq_snorg
Temple:   eino_temple_scatter_basement
Lair:1:   layout_gridlike

Skill      XL: |  1  2  3  4  5  6  7  8  9 10 11 |
---------------+----------------------------------+-----
Maces & Flails | 3 4 5 6 7 9 11 13 14 | 14.0
Shields        | 9 13 | 13.1
Fighting       | |  3.2
Armour         | |  3.2

Action                   |  1- 3 |  4- 6 |  7- 9 | 10-12 || total
-------------------------+-------+-------+-------+-------++-------
Melee: Flail             |   143 |   252 |   458 |   726 ||  1579
Throw: Javelin           |       |     9 |     9 |       ||    18
       Dart              |       |     1 |       |       ||     1
  Use: Scroll            |     4 |       |     6 |     5 ||    15
       Potion            |       |       |       |     1 ||     1
  Eat: Chunk             |     2 |     6 |    12 |    13 ||    33
Armor: Scale mail        |    84 |   186 |   302 |   169 ||   741
       Plate armour      |       |       |       |   201 ||   201
Dodge: Dodged            |    36 |    57 |   119 |   134 ||   346
Block: Kite shield       |    72 |   198 |   268 |   397 ||   935
